AoeStats
← RoR | Vodka_L_2

Arena

510285116Analyzed
1v1 RM · 2d ago on Sep 30, 2026· 35m 59s· 2 players
Game mode
Random Map
Map size
Tiny (2 player)
Population
200
Speed
Normal
Resources
Standard
Victory
Conquest
Starting age
Dark Age
Ending age
Imperial Age
RankedLock teamsTeams togetherTeam positionsShared explorationLock speedFull tech treeHidden civsTurbo modeCheats
Victory
Defeat
🇮🇹 Khitans · Italy
2597
+1
🇻🇳 Khmer · Vietnam
2026
-1
chuoi
10:01 Feudal Age
12:48 Castle Age
10:56 Double-Bit Axe
11:20 Horse Collar
13:06 Light Cavalry
20:13 Bow Saw
22:09 Wheelbarrow
22:18 Husbandry
23:23 Bloodlines
24:54 Hand Cart
24:30 Gold Mining
27:22 Forging
28:10 Gold Shaft Mining
30:45 Imperial Age
29:03 Iron Casting
28:34 Scale Barding Armor
28:43 Loom
28:44 Town Watch
30:14 Ballistics
30:59 Heavy Scorpion
32:42 Blast Furnace
31:14 Hussar
32:22 Conscription
32:47 Herbal Medicine
33:05 Siege Engineers
32:45 Capped Ram
34:20 Double Crossbow
36:44 Chemistry
RoR | Vodka_L_2
10:25 Feudal Age
14:03 Castle Age
11:59 Domestication
12:31 Double-Bit Axe
14:56 Husbandry
15:30 Bow Saw
16:26 Pastoralism
18:02 Husbandry
18:24 Light Cavalry
19:54 Forging
21:23 Wheelbarrow
20:50 Pastoralism
22:11 Gold Mining
25:44 Hand Cart
28:15 Imperial Age
26:04 Loom
26:04 Town Watch
26:20 Scale Mail Armor
26:22 Squires
26:24 Stone Mining
27:23 Chain Mail Armor
27:43 Iron Casting
27:26 Chain Mail Armor
30:37 Two-Man Saw
31:06 Chemistry
29:48 Heavy Rocket Cart
31:02 Plate Mail Armor
31:04 Elite Fire Lancer
32:30 Conscription
33:55 Siege Engineers
34:06 Lamellar Armor
Connection lost

Rejoining the realm…

Still unreachable

The connection could not be restored.

Session expired

The server has moved on; the page needs a fresh start.